AoeStats
← daumasson

African Clearing

510285015Analyzed
4v4 RM · 19h ago on Sep 30, 2026· 67m 52s· 8 players
Game mode
Random Map
Map size
Large (8 player)
Population
200
Speed
Normal
Resources
Standard
Victory
Conquest
Starting age
Dark Age
Ending age
Imperial Age
RankedLock teamsTeams togetherTeam positionsShared explorationLock speedFull tech treeHidden civsTurbo modeCheats
Victory
Defeat
🇩🇪 Slavs · Germany
1510
+14
🇩🇪 Berbers · Germany
1506
+14
🇺🇸 Sicilians · United States
1481
+15
🇹🇷 Khitans · Türkiye
1433
+17
🇮🇹 Georgians · Italy
1585
-19
🇨🇳 Inca · China
1475
-16
🇨🇳 Malay · China
1447
-14
🇨🇳 Ethiopians · China
1356
-11
ValerioN__
12:17 Feudal Age
15:53 Castle Age
13:41 Double-Bit Axe
17:45 Loom
19:47 Domestication
20:48 Pastoralism
23:38 Scale Barding Armor
26:24 Chain Barding Armor
27:15 Forging
29:00 Iron Casting
29:22 Wheelbarrow
28:58 Husbandry
40:13 Imperial Age
42:25 Conscription
42:28 Heavy Camel Rider
43:35 Bow Saw
43:57 Transhumance
43:59 Gold Mining
44:59 Hand Cart
48:44 Plate Barding Armor
53:34 Caravan
61:26 Scale Mail Armor
61:28 Stone Mining
62:19 Lamellar Armor
62:31 Chain Mail Armor
62:19 Squires
62:04 Arson
61:40 Elite Fire Lancer
62:52 Gambesons
63:42 Plate Mail Armor
64:29 Capped Ram
65:30 Siege Ram
dreams2996
3:21 Loom
6:02 Loom
13:20 Feudal Age
17:11 Castle Age
15:02 Double-Bit Axe
15:09 Horse Collar
18:20 Bow Saw
21:42 Scale Barding Armor
23:12 Heavy Plow
24:03 Town Watch
26:38 Wheelbarrow
26:45 Bloodlines
26:45 Husbandry
27:19 Forging
28:04 Chain Barding Armor
28:41 Gold Mining
30:58 Iron Casting
30:13 Fletching
34:42 Imperial Age
33:33 Hand Cart
34:37 Pikeman
35:17 Squires
35:03 Arson
35:19 Scale Mail Armor
34:44 Cavalier
35:32 Hauberk
35:48 Conscription
35:27 Halberdier
37:21 Chain Mail Armor
37:43 Plate Barding Armor
38:43 Blast Furnace
40:14 Plate Mail Armor
41:35 Crop Rotation
44:34 Light Cavalry
45:11 Bodkin Arrow
46:20 Ballistics
45:58 Murder Holes
50:06 First Crusade
53:40 Elite Serjeant
57:08 Caravan
65:48 Coinage
64:51 Capped Ram
daumasson
12:30 Feudal Age
13:44 Loom
14:32 Loom
18:49 Castle Age
17:19 Double-Bit Axe
19:50 Fletching
24:14 Padded Archer Armor
27:04 Bodkin Arrow
31:16 Wheelbarrow
30:26 Town Watch
33:11 Ballistics
36:16 Hand Cart
38:13 Husbandry
38:24 Bloodlines
39:55 Kasbah
42:32 Imperial Age
40:42 Leather Archer Armor
40:36 Kasbah
41:41 Murder Holes
42:07 Scale Barding Armor
43:52 Heavy Camel Rider
45:28 Forging
47:05 Chemistry
46:44 Chain Barding Armor
45:54 Elite Camel Archer
47:06 Conscription
48:16 Bracer
50:06 Plate Barding Armor
50:26 Ring Archer Armor
49:18 Light Cavalry
53:33 Iron Casting
55:08 Bow Saw
56:01 Caravan
56:51 Hussar
66:26 Maghrebi Camels
Lharien
11:12 Loom
13:08 Feudal Age
17:03 Castle Age
15:07 Double-Bit Axe
15:34 Fishing Lines
18:20 Bow Saw
20:04 Town Watch
25:29 Horse Collar
27:22 Wheelbarrow
30:03 Hand Cart
31:25 Scale Barding Armor
31:31 Forging
34:02 Imperial Age
32:48 Heavy Plow
33:17 Chain Barding Armor
34:04 Iron Casting
33:56 Bloodlines
33:46 Husbandry
34:14 Detinets
35:19 Plate Barding Armor
34:31 Elite Boyar
37:55 Fletching
38:52 Bodkin Arrow
40:42 Blast Furnace
41:42 Conscription
42:14 Coinage
42:10 Scale Mail Armor
41:31 Pikeman
42:15 Squires
42:22 Gold Mining
43:16 Masonry
43:29 Ballistics
44:02 Hoardings
43:39 Siege Engineers
44:35 Chemistry
43:52 Chain Mail Armor
43:47 Halberdier
45:35 Plate Mail Armor
45:17 Murder Holes
47:03 Stone Mining
47:49 Gold Shaft Mining
55:59 Banking
56:10 Crop Rotation
55:55 Caravan
58:14 Man-at-Arms
59:26 Long Swordsman
60:08 Druzhina
60:36 Two-Handed Swordsman
61:31 Capped Ram
62:51 Champion
63:06 Siege Ram
昊帅气
10:53 Feudal Age
11:32 Double-Bit Axe
13:06 Loom
19:04 Castle Age
18:42 Forging
20:11 Bloodlines
20:06 Horse Collar
23:29 Light Cavalry
25:04 Scale Barding Armor
25:22 Bow Saw
27:12 Wheelbarrow
27:19 Town Watch
28:16 Heavy Plow
28:10 Gold Mining
28:11 Stone Mining
29:32 Husbandry
34:12 Imperial Age
35:48 Chain Barding Armor
38:20 Plate Barding Armor
38:45 Elite Monaspa
40:21 Conscription
40:38 Iron Casting
40:53 Hand Cart
40:52 Aznauri Cavalry
40:35 Treadmill Crane
43:18 Blast Furnace
44:13 Fletching
46:09 Bodkin Arrow
48:06 Bracer
48:21 Guard Tower
49:23 Ballistics
49:38 Keep
50:38 Chemistry
56:37 Arrowslits
57:12 Svan Towers
60:37 Murder Holes
60:53 Masonry
63:27 Coinage
Laki
8:13 Loom
13:10 Feudal Age
15:12 Wheelbarrow
17:49 Castle Age
20:46 Double-Bit Axe
25:12 Fishing Lines
25:41 Horse Collar
27:42 Gold Mining
29:34 Hand Cart
32:41 Imperial Age
31:01 Scale Barding Armor
31:06 Forging
31:43 Gold Shaft Mining
31:32 Elite Battle Elephant
33:11 Bow Saw
33:53 Iron Casting
34:04 Husbandry
36:47 Blast Furnace
38:49 Conscription
45:14 Town Watch
50:46 Light Cavalry
52:39 Stone Mining
53:24 Pikeman
54:04 Squires
53:54 Light Cavalry
54:45 Halberdier
63:15 Man-at-Arms
64:34 Long Swordsman
66:20 Two-Handed Swordsman
男高抗压位
5:45 Loom
13:42 Feudal Age
14:38 Double-Bit Axe
17:04 Fletching
23:09 Castle Age
21:27 Padded Archer Armor
23:14 Crossbowman
23:55 Bodkin Arrow
36:57 Wheelbarrow
37:22 Ballistics
37:59 Bow Saw
38:44 Horse Collar
40:41 Thumb Ring
46:41 Imperial Age
45:29 Hand Cart
47:06 Arbalester
48:29 Bracer
49:46 Two-Man Saw
50:27 Chemistry
52:00 Conscription
55:22 Leather Archer Armor
56:17 Caravan
57:00 Gold Mining
57:01 Stone Mining
57:02 Town Watch
58:27 Ring Archer Armor
57:58 Scale Mail Armor
58:08 Forging
57:45 Halberdier
61:12 Gold Shaft Mining
61:13 Stone Shaft Mining
61:49 Chain Mail Armor
62:09 Iron Casting
62:06 Squires
男高杀手
12:07 Feudal Age
11:46 Loom
13:32 Feudal Age
17:52 Castle Age
16:10 Double-Bit Axe
17:00 Fletching
17:58 Crossbowman
19:31 Horse Collar
21:26 Bodkin Arrow
28:40 Ballistics
38:28 Imperial Age
37:01 Wheelbarrow
38:18 Thumb Ring
39:32 Bracer
39:42 Arbalester
41:29 Murder Holes
45:02 Chemistry
48:04 Bow Saw
47:57 Heavy Plow
47:51 Gold Mining
47:52 Stone Mining
50:10 Conscription
54:38 Pikeman
55:19 Squires
55:20 Scale Mail Armor
63:23 Halberdier
Connection lost

Rejoining the realm…

Still unreachable

The connection could not be restored.

Session expired

The server has moved on; the page needs a fresh start.